AoeStats
← CazadorGT

Arabia

508748133Analyzed
3v3 RM · 9d ago on Sep 23, 2026· 47m 45s· 6 players
Game mode
Random Map
Map size
Normal (6 player)
Population
200
Speed
Normal
Resources
Standard
Victory
Conquest
Starting age
Dark Age
Ending age
Imperial Age
RankedLock teamsTeams togetherTeam positionsShared explorationLock speedFull tech treeHidden civsTurbo modeCheats
Victory
Defeat
🇲🇽 Koreans · Mexico
1277
+14
🇺🇸 Poles · United States
1196
+18
🇲🇽 Romans · Mexico
1053
+24
🇦🇷 Ethiopians · Argentina
1255
-20
🇦🇷 Varangians · Argentina
1253
-19
🇬🇹 Saracens · Guatemala
1183
-17
VIP IVORY
6:21 Loom
8:47 Feudal Age
9:40 Double-Bit Axe
12:06 Horse Collar
19:49 Castle Age
18:11 Gold Mining
18:59 Scale Barding Armor
19:07 Bloodlines
20:32 Forging
21:15 Wheelbarrow
21:35 Husbandry
22:58 Chain Barding Armor
23:14 Iron Casting
25:23 Szlachta Privileges
26:29 Bow Saw
30:28 Fletching
41:26 Hand Cart
40:57 Town Watch
42:44 Coinage
42:53 Town Patrol
46:54 Imperial Age
47:00 Bodkin Arrow
48:34 Blast Furnace
46:55 Cavalier
CCMNGEDUAR
5:09 Loom
11:35 Feudal Age
19:44 Padded Archer Armor
19:34 Fletching
30:15 Castle Age
30:26 Horse Collar
30:35 Double-Bit Axe
33:29 Crossbowman
35:02 Leather Archer Armor
34:42 Bodkin Arrow
48:43 Wheelbarrow
47:54 Town Watch
CCM | Zero
6:57 Loom
9:41 Feudal Age
10:59 Wheelbarrow
10:45 Double-Bit Axe
17:57 Fletching
23:28 Castle Age
21:31 Horse Collar
22:59 Gold Mining
24:21 Bodkin Arrow
26:51 Thumb Ring
26:09 Crossbowman
33:52 Town Watch
38:36 Squires
42:28 Imperial Age
40:53 Forging
40:48 Scale Mail Armor
42:33 Arson
43:26 Iron Casting
43:06 Chain Mail Armor
43:23 Capped Ram
44:35 Elite Fire Lancer
46:23 Plate Mail Armor
CazadorGT
6:39 Loom
9:06 Feudal Age
11:09 Horse Collar
14:23 Forging
16:41 Scale Barding Armor
17:32 Town Watch
19:39 Double-Bit Axe
23:10 Castle Age
22:58 Gold Mining
23:27 Bloodlines
23:13 Light Cavalry
24:46 Chain Barding Armor
24:37 Husbandry
26:28 Iron Casting
34:46 Wheelbarrow
43:28 Imperial Age
41:28 Hand Cart
41:16 Town Patrol
42:40 Gold Shaft Mining
43:32 Heavy Camel Rider
44:31 Heavy Plow
45:32 Plate Barding Armor
48:26 Blast Furnace
MHT. Necralma
10:56 Feudal Age
10:21 Loom
14:36 Castle Age
18:30 Horse Collar
20:39 Scale Barding Armor
21:58 Double-Bit Axe
23:57 Forging
26:47 Chain Barding Armor
28:22 Wheelbarrow
30:53 Iron Casting
30:35 Heavy Plow
31:25 Bow Saw
35:52 Town Watch
36:25 Hand Cart
36:44 Ballistics
37:15 Town Watch
44:30 Gold Mining
Shixer
5:43 Loom
10:05 Feudal Age
15:48 Double-Bit Axe
17:56 Fletching
23:56 Horse Collar
27:46 Castle Age
27:33 Padded Archer Armor
28:09 Crossbowman
28:56 Thumb Ring
29:02 Bodkin Arrow
30:28 Leather Archer Armor
39:24 Horse Collar
41:27 Wheelbarrow
Connection lost

Rejoining the realm…

Still unreachable

The connection could not be restored.

Session expired

The server has moved on; the page needs a fresh start.